 Dungeon Crawl Stone Soup version 0.30-a0-772-g5528072125 (webtiles) character file.

Game seed: 16535714095362985896

97531 nuthulu the Warrior (level 16, -19/110 HPs)
             Began as a Gargoyle Fighter on Feb 12, 2023.
             Was the Champion of Okawaru.
             Killed from afar by a hell hog (27 damage)
             ... with a fireball
             ... on level 3 of the Abyss.
             The game lasted 00:42:39 (21032 turns).

nuthulu the Warrior (Gargoyle Fighter)             Turns: 21032, Time: 00:42:40

Health: -19/110    AC: 48    Str: 25    XL:     16   Next: 19%
Magic:  18/20      EV: 14    Int: 12    God:    Okawaru [******]
Gold:   2186       SH: 15    Dex:  9    Spells: 15/15 levels left

rFire   . . .      SeeInvis .    x - +6 demon whip (venom)
rCold   . . .      Faith    .    c - +2 buckler
rNeg    + . .      Spirit   .    p - +18 Lear's hauberk
rPois   ∞          Reflect  +    (helmet currently unavailable)
rElec   +          Harm     .    f - +2 cloak
rCorr   .          Rampage  .    (gloves currently unavailable)
Will    +....                    (boots currently unavailable) Stlth
                                 E - amulet of reflection
HPRegen 0.00/turn                (no ring)
MPRegen 0.17/turn                (no ring)

@: heroic, flying, inhibited regen
A: sickness immunity, AC +12, big wings, negative energy resistance 1,
electricity resistance, torment resistance 1, petrification resistance, low MP
1, [deterioration 1], [screaming 2], [inhibited regeneration]
a: Renounce Religion, Heroism, Finesse, Duel


You were on level 3 of the Abyss.
You worshipped Okawaru.
Okawaru was exalted by your worship.
You visited 4 branches of the dungeon, and saw 19 of its levels.
You visited the Abyss 1 time.
You also visited: Sewer and Bailey.

You collected 2217 gold pieces.
You spent 31 gold pieces at shops.

Inventory:

Hand Weapons
 r - a +1 flail of venom
 x - a +6 demon whip of venom (weapon)
Armour
 c - a +2 buckler (worn)
 f - a +2 cloak (worn)
 p - the +18 Lear's hauberk (worn)
   (You acquired it in a sewer)
 P - the +2 crystal plate armour "Woggouce" {rC+ rN+ Int+3 Dex-4}
   (You found it on level 11 of the Dungeon)

   Int:       It affects your intelligence (+3).
   Dex:       It affects your dexterity (-4).
   rC:        It protects you from cold.
   rN:        It protects you from negative energy.
Jewellery
 g - a ring of flight
 i - a ring of magical power
 s - an amulet of the acrobat
 A - an amulet of magic regeneration
 E - an amulet of reflection (around neck)
 F - an amulet of faith
 G - an amulet of regeneration
 H - a ring of wizardry
 I - a ring of ice
 O - a ring of see invisible
Wands
 a - a wand of mindburst (9)
 D - a wand of quicksilver (10)
 K - a wand of roots (12)
Scrolls
 b - a scroll of brand weapon
 n - 3 scrolls of teleportation
 q - 2 scrolls of poison
 t - a scroll of summoning
 v - 7 scrolls of identify
 y - 3 scrolls of magic mapping
 B - a scroll of blinking
 L - 2 scrolls of fear
 M - a scroll of fog
 Q - 2 scrolls of noise
Potions
 d - 2 potions of might
 e - 4 potions of attraction
 h - 4 potions of haste
 j - 5 potions of invisibility
 k - 2 potions of resistance
 l - 3 potions of mutation
 m - 6 potions of brilliance
 o - 4 potions of curing
 u - 3 potions of magic
 w - a potion of cancellation
 z - 3 potions of lignification
 C - 10 potions of ambrosia
 J - 2 potions of heal wounds
 N - 2 potions of flight


   Skills:
 + Level 15.9(20.9) Fighting
 - Level 12.4(17.4) Maces & Flails
 - Level 13.4(18.4) Armour
 + Level 13.3(18.3) Dodging
 - Level 0.9(5.9) Stealth
 - Level 12.1(17.1) Shields
 - Level 9.6 Invocations


You had 15 spell levels left.
You didn't know any spells.
Your spell library contained the following spells:

 Spells                   Type           Power      Damage    Failure   Level
 Freeze                   Ice            0%         1d3       77%         1
 Ensorcelled Hibernation  Hex/Ice        0%         N/A       88%         2
 Passwall                 Tmut/Erth      0%         N/A       88%         2
 Poisonous Vapours        Pois/Air       0%         N/A       88%         2
 Dazzling Flash           Conj/Hex       0%         N/A       98%         3
 Frozen Ramparts          Ice            0%         1d1       98%         3
 Hailstorm                Conj/Ice       0%         3d3       98%         3
 Mephitic Cloud           Conj/Pois/Air  0%         N/A       98%         3
 Swiftness                Air            0%         N/A       98%         3
 Agony                    Necr           0%         N/A       100%        5
 Blade Hands              Tmut           0%         N/A       100%        5
 Irradiate                Conj/Tmut      0%         3d11      100%        5
 Silence                  Hex/Air        0%         N/A       100%        5
 Dragon Form              Tmut           0%         N/A       100%        7
 Cigotuvi's Dreadful Rot  Necr/Pois/Air  Unusable   N/A       N/A         2

Dungeon Overview and Level Annotations

Branches:
Dungeon (11/15)            Temple (1/1) D:6            Lair (5/5) D:10
 Shoals (0/4) Lair:3       Spider (0/4) Lair:3        Slime (0/5) Lair:5
    Orc (2/2) D:10            Elf (0/3) Orc:2         Sewer (visited)
 Bailey (visited)

Altars:
Ashenzari
Cheibriados
Dithmenos
Elyvilon
Makhleb
Okawaru
Qazlal
Sif Muna
Trog
Uskayaw
Vehumet
Wu Jian
Xom
Yredelemnul
Zin
The Shining One
Jiyva

Shops:
D:5 *   D:8 *   Orc:1 **   Orc:2 [(*:

Annotations:
D:4 2 runed translucent doors
Lair:4 exclusion: oklob plant


Innate Abilities, Weirdness & Mutations

You are immune to sickness and miasma.
Your stone body is resilient. (AC +12)
You are immune to poison.
Your large and strong wings let you fly.
You resist negative energy. (rN+)
You are resistant to electric shocks. (rElec)
You are resistant to unholy torment.
You are immune to petrification.
Your magical capacity is low. (-10% MP)
[Your body sometimes deteriorates upon taking damage.]
[You frequently scream uncontrollably at your foes.]
[You do not regenerate when monsters are visible.]


Message History

You thrash the wretched star!!
The wretched star is moderately damaged.
You hit the wretched star but do no damage.
The wretched star is moderately damaged.
You hit the wretched star.
The wretched star is moderately damaged.
The wretched star pulses with an eldritch light!
Your regeneration stops near monsters.
You hit the wretched star but do no damage.
The wretched star is moderately damaged.
You thrash the wretched star!!
The wretched star is severely damaged.
You barely miss the wretched star.
The wretched star is severely damaged.
You completely miss the wretched star.
The wretched star is severely damaged.
You hit the wretched star but do no damage.
The wretched star is severely damaged.
You hit the wretched star.
The wretched star is severely damaged.
The wretched star glows turbulently.
The lance of force hits you!
* * * LOW HITPOINT WARNING * * *
You hit the wretched star.
The wretched star is severely damaged.
You whack the wretched star!
You destroy the wretched star!
Okawaru accepts your kill.
You start resting.
A hell hog comes into view.
The hell hog squeals angrily.
You hear an angry squeal.
You hear a chilling moan.
You hear a bellow!
The hell hog bites you!
* * * LOW HITPOINT WARNING * * *
You gain the combat prowess of a mighty hero.
A hell hog comes into view.
You scream at the hell hog!
The hell hog breathes fire at you.
The fireball explodes!
The fireball engulfs you!!
You die...

. . . .*. .. ##
# ###### #.#.#.
#
#.##...@##.....
.#. #..#.##h.#
# # . #.. h.# #
##. ####.### #
. ##... ... #.
. .#.# #.## #
.# #... # .....
. ##..##. ##. #
# ) . ..


You could see 2 hell hogs.

Vanquished Creatures
  An orc warlord (Orc:1)
  4 very ugly things (Abyss:3)
  A great orb of eyes (Abyss:3)
  Josephine (Orc:1)
  5 hydras
  Fannar (Lair:3)
  Erolcha (Orc:1)
  The ghost of Othiruos the Thaumaturge, a journeyman DsCj of Gozag (Lair:1)
  2 two-headed ogres
  4 centaur warriors
  3 boulder beetles
  3 catoblepae (Lair:5)
  9 death yaks
  The ghost of Athor the Geomancer, a novice OpEE of Gozag (D:10)
  The ghost of MCDelver the Arsonist, a journeyman OpFE of Gozag (D:10)
  A tengu warrior (D:11)
  2 thrashing horrors (Abyss:3)
  An orc high priest (Orc:2)
  Sonja (Orc:1)
  A fire crab (Lair:5)
  Amaemon (D:7)
  2 wretched stars (Abyss:3)
  2 lindwurms
  A wizard (D:11)
  5 orc knights
  A deep elf pyromancer (D:11)
  4 ugly things
  4 orc sorcerers
  A wolf spider (Lair:3)
  A large abomination (Abyss:3)
  3 manticores
  3 cyclopes
  5 black mambas
  20 elephants
  Maurice (Orc:1)
  A guardian serpent (Abyss:3)
  A naga mage (Abyss:3)
  An orange demon (D:8)
  14 cane toads
  5 rime drakes
  Maggie (D:9)
  A torpor snail (Lair:5)
  2 kobold demonologists (D:11)
  An efreet (D:11)
  7 komodo dragons
  3 trolls
  A queen bee (D:9)
  3 polar bears
  A raiju (Abyss:3)
  A dream sheep (Lair:5)
  A wind drake (Lair:3)
  3 blink frogs (Lair:1)
  2 slime creatures
  Sigmund (D:3)
  A culicivora (Lair:3)
  A shadow (D:10)
  6 wraiths
  A spriggan (shapeshifter) (D:11)
  A vampire (D:11)
  7 wyverns
  2 fire bats (Abyss:3)
  64 yaks
  4 humans (D:6)
  4 basilisks
  A steam dragon (D:9)
  A neqoxec (Abyss:3)
  3 nagas (Abyss:3)
  Edmund (D:4)
  3 wargs
  An acid dragon (D:11)
  16 water moccasins
  38 orc warriors
  A black bear (Lair:1)
  5 ice beasts
  7 ogres
  2 centaurs
  19 wolves
  A phantom (D:4)
  2 kobold brigands
  7 bullfrogs
  3 scorpions
  3 wights (D:8)
  44 killer bees
  5 electric eels
  5 howler monkeys
  8 orc priests
  7 hounds
  6 jellies
  6 starcursed masses (Abyss:3)
  An iguana (D:5)
  13 orc wizards
  9 hell rats
  7 gnolls
  9 river rats
  11 adders
  A shadow imp (D:5)
  3 white imps
  5 ufetubi
  4 worms
  3 dart slugs
  69 orcs
  16 ball pythons
  10 bats
  9 endoplasms
  2 giant cockroaches (D:4)
  11 goblins
  6 hobgoblins
  10 jackals
  9 quokkas
  6 frilled lizards
  22 kobolds
  30 rats
700 creatures vanquished.

Vanquished Creatures (collateral kills)
  A ball python (Sewer)
  A rat (Sewer)
2 creatures vanquished.

Vanquished Creatures (others)
  A water elemental (D:11)
  22 fungi
  38 plants
  2 withered plants (D:10)
63 creatures vanquished.

Grand Total: 765 creatures vanquished

Notes
Turn   | Place    | Note
-------+----------+-------------------------------------------
     0 | D:1      | nuthulu the Gargoyle Fighter began the quest for the Orb.
     0 | D:1      | Reached XP level 1. HP: 14/14 MP: 1/1
   303 | D:1      | Reached XP level 2. HP: 20/20 MP: 2/2
   596 | D:1      | Reached XP level 3. HP: 24/24 MP: 3/3
   621 | D:1      | Reached skill level 4 in Fighting
  1344 | D:2      | You fall into a shaft and drop 1 floor!
  1385 | D:2      | Reached XP level 4. HP: 27/29 MP: 4/4
  2398 | D:3      | Reached XP level 5. HP: 33/33 MP: 5/5
  2458 | D:3      | Noticed Sigmund
  2534 | D:3      | Killed Sigmund
  2535 | D:3      | Reached skill level 5 in Maces & Flails
  2535 | D:3      | Reached skill level 1 in Dodging
  2535 | D:3      | Reached XP level 6. HP: 37/39 MP: 6/6
  3783 | D:4      | Found a glowing drain.
  3803 | D:4      | Reached skill level 5 in Fighting
  3830 | Sewer    | Entered a sewer
  4098 | Sewer    | Reached XP level 7. HP: 24/44 MP: 7/7
  4623 | Sewer    | Identified a scroll of acquirement
  4623 | Sewer    | Acquired the +18 Lear's hauberk
  4623 | Sewer    | Found the +18 Lear's hauberk
  4953 | D:4      | Reached skill level 6 in Fighting
  5106 | D:4      | Found a large runed translucent door.
  5107 | D:4      | Found a large runed translucent door.
  5108 | D:4      | Noticed a wyvern
  5109 | D:4      | Found a large runed translucent door.
  5109 | D:4      | Found a large runed translucent door.
  5142 | D:4      | Noticed Edmund
  5160 | D:4      | Killed Edmund
  5161 | D:4      | Reached XP level 8. HP: 52/52 MP: 8/8
  5292 | D:4      | Killed a wyvern
  5293 | D:4      | Reached skill level 7 in Fighting
  5309 | D:4      | Identified the +1 pair of gloves "Liywkig" {Harm Regen+
                  | Str+2}
  5478 | D:5      | Entered Level 5 of the Dungeon
  5501 | D:5      | Found Qatzao's General Store.
  5819 | D:5      | Reached skill level 8 in Fighting
  5892 | D:5      | Found a broken altar of Ashenzari.
  6307 | D:6      | Reached XP level 9. HP: 48/60 MP: 9/9
  6633 | D:6      | Reached skill level 9 in Fighting
  7081 | D:6      | Reached skill level 10 in Fighting
  7246 | D:6      | Found a staircase to the Ecumenical Temple.
  7384 | Temple   | Entered the Ecumenical Temple
  7490 | Temple   | Became a worshipper of Warmaster Okawaru
  7706 | D:7      | Reached skill level 10 in Maces & Flails
  7882 | D:7      | Reached XP level 10. HP: 68/68 MP: 10/10
  8110 | D:7      | Reached * piety under Okawaru
  8125 | D:7      | Reached skill level 11 in Fighting
  8261 | D:7      | Reached XP level 11. HP: 74/74 MP: 11/11
  8262 | D:7      | Reached skill level 10 in Dodging
  8262 | D:7      | Reached XP level 12. HP: 80/80 MP: 12/12
  8279 | D:8      | Noticed a two-headed ogre
  8279 | D:8      | Found Zideretsi's Elemental Accessories.
  8293 | D:7      | Killed a two-headed ogre
  8741 | D:8      | Noticed Amaemon
  8783 | D:7      | Killed Amaemon
  8960 | D:8      | Noticed a two-headed ogre
  8993 | D:8      | Killed a two-headed ogre
  9000 | D:8      | Reached ** piety under Okawaru
  9330 | D:9      | Reached skill level 12 in Fighting
  9531 | D:9      | Noticed a boulder beetle
  9540 | D:9      | Noticed Maggie
  9553 | D:9      | Killed a boulder beetle
  9569 | D:9      | Killed Maggie
  9690 | D:9      | Reached *** piety under Okawaru
  9757 | D:9      | Noticed a centaur warrior
  9774 | D:9      | Killed a centaur warrior
 10020 | D:9      | Found a flagged portal.
 10042 | Bailey   | Entered a bailey
 10156 | Bailey   | Reached skill level 1 in Invocations
 10334 | Bailey   | Reached XP level 13. HP: 87/87 MP: 14/14
 10374 | Bailey   | Found the +27 heavy crossbow "Sniper" {heavy, Acc+∞ SInv}
 10523 | D:9      | Reached **** piety under Okawaru
 10613 | D:10     | Entered Level 10 of the Dungeon
 10614 | D:10     | Found a staircase to the Lair.
 10714 | D:9      | Reached skill level 5 in Shields
 10994 | D:10     | Found a runed translucent gate.
 10994 | D:10     | Found a runed translucent gate.
 10995 | D:10     | Found a runed translucent gate.
 10996 | D:10     | Noticed Athor's ghost (novice OpEE)
 10996 | D:10     | Noticed MCDelver's ghost (journeyman OpFE)
 11029 | D:10     | Killed MCDelver's ghost
 11037 | D:10     | Killed Athor's ghost
 11037 | D:10     | Reached ***** piety under Okawaru
 11038 | D:10     | Reached skill level 5 in Invocations
 11291 | D:10     | Found a staircase to the Orcish Mines.
 11458 | Lair:1   | Entered Level 1 of the Lair of Beasts
 11797 | Lair:1   | Noticed Othiruos's ghost (journeyman DsCj)
 11805 | Lair:1   | Found a runed translucent door.
 11853 | Lair:1   | Killed Othiruos's ghost
 12357 | Lair:1   | Received a gift from Okawaru
 13027 | Lair:2   | Reached ****** piety under Okawaru
 13442 | Lair:3   | Gained mutation: Your large and strong wings let you fly.
                  | [Gargoyle growth]
 13442 | Lair:3   | Reached XP level 14. HP: 90/92 MP: 20/20
 13465 | Lair:3   | Received a gift from Okawaru
 13636 | Lair:3   | Noticed Fannar
 13652 | Lair:3   | Killed Fannar
 13805 | Lair:3   | Identified the +5 quarterstaff "Laisoasch" {pain, Contam
                  | rElec Str+3 Dex+5}
 13933 | Lair:3   | Found a staircase to the Shoals.
 14305 | Lair:3   | Found a hole to the Spider Nest.
 14680 | Lair:4   | Reached skill level 10 in Shields
 15529 | Lair:5   | Entered Level 5 of the Lair of Beasts
 15575 | Lair:4   | Identified the +2 demon trident "Riosm" {freeze, rElec
                  | rPois Int+8 Dex-4} (Okawaru gifted it to you on level 4 of
                  | the Lair of Beasts)
 15575 | Lair:4   | Received a gift from Okawaru
 15832 | Lair:5   | Found a staircase to the Slime Pits.
 15832 | Lair:5   | Found a viscous altar of Jiyva.
 16398 | Lair:5   | Identified the +0 pair of boots "Vaud Ozu" {Stlth+}
                  | (Okawaru gifted it to you on level 5 of the Lair of Beasts)
 16398 | Lair:5   | Received a gift from Okawaru
 17028 | Lair:5   | Reached skill level 13 in Fighting
 17028 | Lair:5   | Reached XP level 15. HP: 94/98 MP: 22/22
 18235 | Orc:1    | Entered Level 1 of the Orcish Mines
 18318 | Orc:1    | Noticed Sonja
 18324 | Orc:1    | Killed Sonja
 18325 | Orc:1    | Reached skill level 14 in Fighting
 18474 | Orc:1    | Found Sazeg's Assorted Antiques.
 18481 | Orc:1    | Bought a scroll labelled JYAG MOECW for 31 gold pieces
 18511 | Orc:1    | Found Laotai's CLEARANCE SALE!.
 18517 | Orc:1    | Received a gift from Okawaru
 18648 | Orc:1    | Noticed Josephine
 18666 | Orc:1    | Killed Josephine
 18843 | Orc:2    | Entered Level 2 of the Orcish Mines
 18932 | Orc:2    | Found Uvaog's General Store.
 18953 | Orc:2    | Noticed an orc warlord
 18982 | Orc:1    | Noticed Erolcha
 18990 | Orc:1    | Noticed Maurice
 18997 | Orc:1    | Killed Erolcha
 19018 | Orc:1    | Killed Maurice
 19213 | Orc:1    | Killed an orc warlord
 19308 | Orc:2    | Received a gift from Okawaru
 19419 | Orc:2    | Found Utitz's Antique Weapon Boutique.
 19462 | Orc:2    | Found Keqenoa's Antique Armour Boutique.
 19625 | Orc:2    | Found Xel Fyun's Book Shop.
 19918 | Orc:2    | Found a staircase to the Elven Halls.
 20432 | D:11     | Reached skill level 15 in Fighting
 20495 | D:11     | Identified the +2 crystal plate armour "Woggouce" {rC+ rN+
                  | Int+3 Dex-4}
 20641 | Abyss:3  | Cast into level 3 of the Abyss (a wizard)
 20678 | Abyss:3  | Identified the +3 short sword of Okawaru, Dancing {freeze,
                  | Fragile Will+ Str+3 SInv} (Okawaru gifted it to you on
                  | level 3 of the Abyss)
 20678 | Abyss:3  | Received a gift from Okawaru
 20692 | Abyss:3  | Found a corrupted altar of Lugonu.
 20739 | Abyss:3  | Reached XP level 16. HP: 72/86 MP: 18/18
 20865 | Abyss:3  | Gained mutation: Your magical capacity is extremely low.
                  | (-30% MP) [a neqoxec]
 21032 | Abyss:3  | Killed from afar by a hell hog

Illustrated notes

Levels and vault maps discovered:
D:1:      reono_arrival_forest_river, layout_basic
D:2:      layout_basic
D:3:      layout_loops_corners, kennysheep_path_1, roderic_lattice_a,
          hangedman_abyss_or_decor_stabs, chequers_mini_garden, uniq_sigmund
D:4:      layout_loops_ring, portal_sewer_entry_a,
          minmay_hollow_rounded_squares, uniq_edmund
D:5:      layout_basic, grunt_ashenzari_visionary
          [grunt_ashenzari_visionary_shoals, grunt_ashenzari_visionary_spider],
          serial_shops, nicolae_take_the_stairs, kennysheep_generic_room_8
D:6:      layout_gridville, temple_doors_e, serial_rivers,
          chequers_serial_rivers_marsh, chequers_serial_rivers_room_b,
          chequers_serial_rivers_large_b, chequers_serial_rivers_small_3,
          chequers_serial_rivers_marsh, chequers_serial_rivers_room_a,
          kennysheep_pointless_box, minmay_ruffians
D:7:      layout_basic
D:8:      layout_rooms, nicolae_elemental_shop, uniq_amaemon
D:9:      layout_roguey, enter_bailey_7, special_room [special_room_bee],
          uniq_maggie
D:10:     minmay_klotski, layout_loops_cross, dpeg_lair_monsters, david_orc_4,
          gammafunk_ghost_cemetery
D:11:     minmay_the_grid_square_5x5_5x5 [minmay_the_grid_square_5x5_percent,
          minmay_the_grid_square_5x5_minibox, minmay_the_grid_square_5x5_fat_x,
          minmay_the_grid_square_5x5_sharp_hourglass,
          minmay_the_grid_square_5x5_v,
          minmay_the_grid_square_5x5_checkered_sparse,
          minmay_the_grid_square_5x5_prize_pseudospiral,
          minmay_the_grid_square_5x5_n_small,
          minmay_the_grid_square_5x5_prize_itemx,
          minmay_the_grid_square_5x5_two_walls_b,
          minmay_the_grid_square_5x5_corner,
          minmay_the_grid_square_5x5_two_walls_a,
          minmay_the_grid_square_5x5_prize_gold,
          minmay_the_grid_square_5x5_detours, minmay_the_grid_square_5x5_mess,
          minmay_the_grid_square_5x5_tie,
          minmay_the_grid_square_5x5_prize_rear_guard,
          minmay_the_grid_square_5x5_forky,
          minmay_the_grid_square_5x5_prize_waves, minmay_the_grid_square_5x5_z,
          minmay_the_grid_square_5x5_spiral_small,
          minmay_the_grid_square_5x5_doubleslash,
          minmay_the_grid_square_5x5_two_small,
          minmay_the_grid_square_5x5_almost_minimal,
          minmay_the_grid_square_5x5_spiral], layout_basic
Temple:   mainiacjoe_temple_circle_huts
Lair:1:   layout_cave_pods, hellmonk_ghost_happy_afterlife, minivault_11,
          grunt_megastairs_3
Lair:2:   wander_river, layout_hall_layers, minmay_lindwurm_lava,
          serial_bayou_shore_a
Lair:3:   statuecave_lemuel, layout_regular_city, minmay_shoals_entry_beasts,
          spider_nest_entry_funnel_web, chequers_serial_rivers_small_b,
          uniq_fannar
Lair:4:   layout_long_grid, minivault_27, grunt_megastairs_2, lemuel_fruit_tree,
          infiniplex_staircase_pool, serial_bayou_shore_b
Lair:5:   evilmike_catoblepas_cave, layout_long_grid,
          minmay_slime_entry_pillars, st_stairs_7, minmay_shattered_shrine
Orc:1:    layout_diamond_mine, serial_shops,
          nicolae_shop_temple_entry_statues_fountains, nicolae_shop_clearance,
          uniq_josephine, uniq_erolcha, uniq_sonja, uniq_maurice
Orc:2:    grunt_orc_gardens, layout_diamond_mine, grunt_orc_garden,
          grunt_orc_garden, grunt_orc_garden, grunt_orc_garden,
          nicolae_volcano_entry_vermiform
Abyss:3:  base: D:11, bh_abyss_exit_spiral, evilmike_abyss_exit_vortex,
          gammafunk_abyss_rune_reverse_zot

Skill      XL: |  1  2  3  4  5  6  7  8  9 10 11 12 13 14 15 16 |
---------------+-------------------------------------------------+-----
Fighting       | 4 5 6 8 10 11 12 13 15 | 15.9
Maces & Flails | 3 4 5 6 8 10 12 | 12.4
Dodging        | 1 10 12 13 | 13.3
Armour         | 11 13 | 13.4
Invocations    | 1 8 9 |  9.6
Shields        | 9 12 | 12.1
Stealth        | |  0.9

Action                     |  1- 3 |  4- 6 |  7- 9 | 10-12 | 13-15 | 16-18 || total
---------------------------+-------+-------+-------+-------+-------+-------++-------
  Melee: Flail             |   143 |   302 |   448 |   123 |       |       ||  1016
         Demon whip        |       |       |       |   312 |  1676 |   119 ||  2107
 Invoke: Heroism           |       |       |       |     2 |     9 |     2 ||    13
    Use: Scroll            |     4 |     7 |    11 |     7 |    10 |     1 ||    40
         Potion            |       |     4 |     2 |     2 |       |     1 ||     9
   Stab: Invisible         |       |       |     1 |       |       |       ||     1
         Petrified         |       |       |       |       |     9 |       ||     9
         Petrifying        |       |       |       |       |     1 |       ||     1
 Armour: Scale mail        |   137 |   276 |   121 |       |       |       ||   534
         Chain mail        |       |       |   228 |   290 |   785 |    61 ||  1364
  Dodge: Dodged            |   115 |   261 |   242 |   325 |   583 |    52 ||  1578
  Block: Buckler           |    78 |   141 |   139 |   163 |   877 |    90 ||  1488
         Reflection        |       |       |       |    40 |    23 |     3 ||    66

Table legend: (Time is in decaauts)
 A = Elapsed time spent in this place.
 B = Non-inter-level travel time spent in this place.
 C = Inter-level travel time spent in this place.
 D = Time resting spent in this place.
 E = Time spent auto-exploring this place.
 F = Levels seen in this place.
 G = Mean time per level.
                   A        B        C        D        E       F      G
               +--------+--------+--------+--------+--------+-----+--------+
         Total |  20368 |  19670 |    698 |   3143 |  10548 |  22 |  925.8 |
       Dungeon |  10500 |  10162 |    338 |   1578 |   5757 |  11 |  954.5 |
        Temple |    129 |    109 |     20 |      0 |     15 |   1 |  129.0 |
          Lair |   6250 |   6025 |    225 |    947 |   3741 |   5 | 1250.0 |
  Orcish Mines |   1838 |   1724 |    114 |    283 |    966 |   2 |  919.0 |
         Abyss |    319 |    319 |      0 |     38 |      0 |   1 |  319.0 |
         Sewer |    923 |    923 |      0 |    297 |     66 |   1 |  923.0 |
        Bailey |    407 |    407 |      0 |      0 |      2 |   1 |  407.0 |
               +--------+--------+--------+--------+--------+-----+--------+

Top non-repeatable levels by time:
  Lair:5: 2019 daAuts
     D:3: 1361 daAuts
     D:1: 1335 daAuts
     D:6: 1278 daAuts
  Lair:4: 1261 daAuts
     D:4: 1157 daAuts
  Lair:3: 1030 daAuts
  Lair:1: 1018 daAuts
     D:9: 1001 daAuts
   Orc:2: 999 daAuts
   Sewer: 923 daAuts
  Lair:2: 921 daAuts
     D:2: 902 daAuts
     D:7: 838 daAuts
   Orc:1: 838 daAuts
